 Dungeon Crawl Stone Soup version 0.26.1-11-gd32895ea62 (webtiles) character file.

Game seed: 116081928407377071

645 Qrupt the Skirmisher (level 7, -11/64 HPs)
             Began as a Palentonga Fighter on July 19, 2021.
             Blown up by Ijyb (26 damage)
             ... with a disintegration bolt
             ... on level 3 of the Dungeon.
             The game lasted 00:09:04 (3392 turns).

Qrupt the Skirmisher (Palentonga Fighter)           Turns: 3392, Time: 00:09:04

Health: -11/64     AC: 14    Str: 21    XL:     7   Next: 27%
Magic:  7/7        EV:  6    Int:  8    God:
Gold:   148        SH:  9    Dex: 10    Spells: 6/6 levels left

rFire    x . .     SeeInvis +   a - +0 flail
rCold    + . .     Faith    .   c - +0 kite shield
rNeg     . . .     Spirit   .   b - +0 scale mail
rPois    .         Reflect  .   (no helmet)
rElec    .         Harm     .   (no cloak)
rCorr    .         Rampage  .   (no gloves)
Will     .....                  (no barding)
Stlth    ..........             (no amulet)
HPRegen  0.20/turn              h - ring of ice
MPRegen  0.10/turn              (no ring)

@: attractive, curled up
A: large, rugged brown scales 3, see invisible, deformed body, roll 1, armoured
tail, reflexive curl
a: Rolling Charge


You were on level 3 of the Dungeon.
You visited 1 branch of the dungeon, and saw 4 of its levels.

You collected 148 gold pieces.

Inventory:

Hand Weapons
 a - a +0 flail (weapon)
Armour
 b - a +0 scale mail (worn)
 c - a +0 kite shield (worn)
Jewellery
 h - a ring of ice (left hand)
 m - an uncursed ring of wizardry {unknown}
 r - the amulet "Qoobaz" {Inacc rPois rC+ Will+}
   (You found it on level 4 of the Dungeon)

   [amulet of inaccuracy]

   It reduces the accuracy of all your attacks.
   It protects you from cold.
   It protects you from poison.
   It affects your willpower, your defense against some magical effects.
Scrolls
 e - a scroll of fear {unknown}
 g - 2 scrolls of amnesia {unknown}
 j - a scroll of enchant weapon {unknown}
 n - 2 scrolls of identify {unknown}
 o - a scroll of blinking {unknown}
 q - a scroll of remove curse {unknown}
 s - a scroll of immolation {unknown}
 u - a scroll of teleportation {unknown}
Potions
 d - 2 potions of cancellation {unknown}
 f - a potion of curing
 i - a potion of ambrosia {unknown}
 k - a potion of attraction
 l - a potion of heal wounds {unknown}
 p - a potion of brilliance {unknown}
 t - a potion of flight {unknown}


   Skills:
 + Level 4.9 Fighting
 + Level 4.3 Maces & Flails
 + Level 4.1 Armour
 + Level 4.0 Shields


You had 6 spell levels left.
You didn't know any spells.
Your spell library was empty.

Dungeon Overview and Level Annotations

Branches:
Dungeon (4/15)
 Temple: D:4-7

Altars:
Cheibriados
Elyvilon
Hepliaklqana
Kikubaaqudgha
Nemelex Xobeh
Okawaru
Uskayaw
The Shining One

Annotations:
D:3 Ijyb


Innate Abilities, Weirdness & Mutations

You are completely covered in rugged brown scales. (AC +3, +7% HP)
You have supernaturally acute eyesight. (SInv)
Armour fits poorly on your strangely shaped body.
You can roll at nearby foes to attack.
You have a long armoured tail.
You curl defensively after being hit.


Message History

Ijyb is almost dead.
Ijyb hits you but does no damage.
The orc warrior hits you from afar with a +0 glaive!!
* * * LOW HITPOINT WARNING * * *
Okay, then.
Okay, then.
It was a potion of attraction.
You feel attractive to monsters. Ijyb hits you.
* * * LOW HITPOINT WARNING * * *
It was a potion of curing.
You feel better. The orc warrior barely misses you. Ijyb barely misses you.
The orc throws a poisoned dart.
You block the poisoned dart. The orc is pulled toward you!
You see here a poisoned dart.
You block the orc warrior's attack. Ijyb barely misses you.
The orc throws a poisoned dart.
The poisoned dart barely misses you. The orc warrior is pulled toward you!
The orc is pulled toward you!
Ijyb zaps a wand.
You are blasted!
You die...

###### #########
##......#.......####
##...###............#
≈≈...≈≈# #..........#
≈..♣..≈###..........#
....................#
.♣._.♣.[.#.....go...#
÷.......##<....o...)#
≈..♣[.≈###......@(..#
≈≈...≈≈# #.......####
##oo.###.#.......#
...÷..........##.#
.............###.#######
.................#.....##
........................##
.........................#
..................)[.....#


You could see an orc warrior, Ijyb and an orc.

Vanquished Creatures
  Sigmund (D:3)
  A phantom (D:4)
  An ogre (D:4)
  An orc priest (D:3)
  A hound (D:4)
  3 orc wizards (D:4)
  Jessica (D:2)
  Terence (D:3)
  A worker ant (D:4)
  An adder (D:2)
  2 oozes (D:1)
  An adder skeleton (D:4)
  5 worms
  2 dart slugs (D:1)
  A leopard gecko (D:3)
  12 orcs
  A ball python (D:3)
  3 giant cockroaches
  7 hobgoblins
  2 jackals (D:1)
  A quokka (D:3)
  3 bats
  5 frilled lizards
  10 goblins
  6 kobolds
  8 rats
81 creatures vanquished.

Vanquished Creatures (others)
  A quokka (D:3)
  A rat (D:3)
  4 plants (D:1)
6 creatures vanquished.

Grand Total: 87 creatures vanquished

Notes
Turn   | Place    | Note
-------+----------+-------------------------------------------
     0 | D:1      | Qrupt the Palentonga Fighter began the quest for the Orb.
     0 | D:1      | Reached XP level 1. HP: 20/20 MP: 1/1
   148 | D:1      | Reached XP level 2. HP: 27/27 MP: 2/2
   572 | D:1      | Reached XP level 3. HP: 28/33 MP: 3/3
  1174 | D:2      | Found a snail-covered altar of Cheibriados.
  1175 | D:2      | Found an ancient bone altar of Kikubaaqudgha.
  1180 | D:2      | Found a hazy altar of Hepliaklqana.
  1180 | D:2      | Found a glowing golden altar of the Shining One.
  1180 | D:2      | Found an iron altar of Okawaru.
  1181 | D:2      | Found a sparkling altar of Nemelex Xobeh.
  1233 | D:2      | Found a sparkling altar of Nemelex Xobeh.
  1369 | D:2      | Noticed Jessica
  1373 | D:2      | Killed Jessica
  1374 | D:2      | Reached XP level 4. HP: 40/42 MP: 4/4
  1409 | D:2      | You fall into a shaft and drop 2 floors!
  1427 | D:3      | Found a white marble altar of Elyvilon.
  1431 | D:3      | Noticed Sigmund
  1437 | D:3      | Killed Sigmund
  1438 | D:3      | Reached XP level 5. HP: 41/49 MP: 5/5
  1447 | D:3      | Noticed Terence
  1450 | D:3      | Noticed an orc warrior
  1452 | D:3      | Noticed Ijyb
  1470 | D:3      | Found a hide-covered altar of Uskayaw.
  1497 | D:3      | Reached XP level 6. HP: 24/55 MP: 6/6
  2617 | D:4      | Got an ancient pewter amulet
  2623 | D:4      | Identified the amulet "Qoobaz" {Inacc rPois rC+ Will+} (You
                  | found it on level 4 of the Dungeon)
  2699 | D:4      | Gained mutation: You curl defensively after being hit.
                  | [Palentonga growth]
  2699 | D:4      | Reached XP level 7. HP: 37/64 MP: 7/7
  3080 | D:3      | Killed Terence
  3392 | D:3      | Blown up by Ijyb

Illustrated notes

Levels and vault maps discovered:
D:1:      minmay_arrival_diagonal_passages, layout_rooms, serial_forest,
          infiniplex_forest_straight_5, infiniplex_forest_end_1,
          infiniplex_forest_join, infiniplex_forest_end_2
D:2:      layout_loops_ring, grunt_temple_overflow_open,
          nemelex_lonely_heart_becter, uniq_jessica
D:3:      layout_rooms, grunt_temple_overflow_gold_and_silver,
          lemuel_doored_altar, eat_drink_and_be_merry_uskayaw, elyvilon_altar_4,
          chequers_decorated_corner, uniq_crazy_yiuf_cottage, uniq_ijyb,
          uniq_terence, uniq_sigmund
D:4:      layout_cave_pods

Skill      XL: |  1  2  3  4  5  6  7 |
---------------+----------------------+-----
Armour         | 3 4 |  4.1
Fighting       | 4 |  4.9
Maces & Flails | 3 4 |  4.3
Shields        | 3 4 |  4.0

Action                   |  1- 3 |  4- 6 |  7- 9 || total
-------------------------+-------+-------+-------++-------
Melee: Flail             |   120 |    91 |    38 ||   249
       Tailslap          |     8 |    11 |     6 ||    25
 Abil: Rolling Charge    |     3 |    10 |     2 ||    15
  Use: Potion            |       |     2 |     2 ||     4
Armor: Scale mail        |    52 |    32 |     7 ||    91
Dodge: Dodged            |    23 |    14 |     7 ||    44
Block: Kite shield       |    49 |    40 |    22 ||   111
